Workbook
Name Bénévole: Param!$G$3:$G$6
Name Catégorie: Param!$C$3:$C$16
Name DR: Param!$B$3:$B$4
Name Moyen_paiement: Param!$F$3:$F$7
Name SousCateg: Param!$D$3:$D$51
Name Tiers: Param!$A$3:$A$38
Name Type: Param!$E$3:$E$8
Name TypePièce: Param!$I$3:$I$8

Sheet Comptes
A1: Type de pièce | B1: N° | C1: Date | D1: Tiers | E1: Description précise | F1: Dépense/Revenu | G1: Catégorie | H1: Sous-catégorie | I1: Montant HT | J1: Montant TTC | K1: Solde | L1: Type | M1: Note de frais n° | N1: Moyen de paiement | O1: TVA à rembourser
A2: Pièce bancaire | B2: PB1 | C2: 41590 | E2: Approvisionnement du compte + part sociétaire C Mutuel (virement CH3V13316N301835 du compte de FV au compte de FORSE) | K2: 50 | L2: Rt à FV | M2: 2014-1 | N2: Virement
A3: Facture vente | B3: F-20131201 | C3: 41286 | D3: IGS | E3: Directions de mémoires Elodie Biette et Lucie Quesnel : 16h x 54,30€ ht/h | F3: Revenu | G3: R1. Revenu formation | H3: R1.1 Ecole | I3: 868.8 | J3: 1039.08 | K3: =IF(F3="Revenu",K2+J3,IF(F3="Dépense",K2-J3,"")) -> 1089.08 | L3: Revenu | N3: Virement | O3: =IF((A3="Facture Vente")*AND(F3="Revenu")*AND(I3<>0)*AND(J3<>0),J3-I3,"") -> 170.28
A4: Facture achat | B4: A1 | C4: 41568 | D4: DILA | E4: Publication au Journal Officiel | F4: Dépense | G4: D5. Impôts et démarches | H4: D5.3 Démarches officielles | J4: 44 | K4: =IF(F4="Revenu",K3+J4,IF(F4="Dépense",K3-J4,"")) -> 1045.08 | L4: Rt à FV | M4: 2014-1 | N4: Virement | O4: =IF((A4="Facture Vente")*AND(F4="Revenu")*AND(I4<>0)*AND(J4<>0),J4-I4,"")
A5: Facture achat | B5: A2 | C5: 41572 | D5: 1and1 | E5: Première mensualité du site web | F5: Dépense | G5: D1. Informatique | H5: D1.1 Webservices | I5: 9.99 | J5: 11.95 | K5: =IF(F5="Revenu",K4+J5,IF(F5="Dépense",K4-J5,"")) -> 1033.13 | L5: Paiement direct | M5: 2014-1 | N5: Prélèvement | O5: =IF((A5="Facture Vente")*AND(F5="Revenu")*AND(I5<>0)*AND(J5<>0),J5-I5,"")
A6: Facture achat | B6: A3 | C6: 41590 | D6: Lyon Parc Auto | E6: Stationnement parking souterrain (rdv banque pour ouverture de compte) | F6: Dépense | G6: D2. Développement | H6: 2.3 Rdv et colloques (dont déplacements, hébergements, repas) | I6: 3.43 | J6: 4.1 | K6: =IF(F6="Revenu",K5+J6,IF(F6="Dépense",K5-J6,"")) -> 1029.03 | L6: Rt à FV | M6: 2014-1 | N6: Virement | O6: =IF((A6="Facture Vente")*AND(F6="Revenu")*AND(I6<>0)*AND(J6<>0),J6-I6,"")
A7: Facture achat | B7: A4 | C7: 41571 | D7: Stickair | E7: Autocollants | F7: Dépense | G7: D2. Développement | H7: 2.1 Supports de com (plaquettes, autocollants, cartes de visite...) | J7: 23.45 | K7: =IF(F7="Revenu",K6+J7,IF(F7="Dépense",K6-J7,"")) -> 1005.58 | L7: Rt à FV | M7: 2014-1 | N7: Virement | O7: =IF((A7="Facture Vente")*AND(F7="Revenu")*AND(I7<>0)*AND(J7<>0),J7-I7,"")
A8: Facture achat | B8: A5 | D8: Lyon Parc Auto | E8: Ticket de parking 14 décembre (banque, pour aide sur mot de passe en ligne) | F8: Dépense | G8: D2. Développement | H8: 2.3 Rdv et colloques (dont déplacements, hébergements, repas) | I8: 1.3 | J8: 1.55 | K8: =IF(F8="Revenu",K7+J8,IF(F8="Dépense",K7-J8,"")) -> 1004.03 | L8: Rt à FV | M8: 2014-1 | N8: Virement | O8: =IF((A8="Facture Vente")*AND(F8="Revenu")*AND(I8<>0)*AND(J8<>0),J8-I8,"")
A9: Facture achat | B9: A6 | C9: 41627 | D9: StockBureau | E9: Intercalaires | F9: Dépense | G9: D3. Administratif | H9: 3.1 Fournitures de bureau | I9: 3.81 | J9: 4.56 | K9: =IF(F9="Revenu",K8+J9,IF(F9="Dépense",K8-J9,"")) -> 999.47 | L9: Rt à FV | M9: 2014-1 | N9: Virement | O9: =IF((A9="Facture Vente")*AND(F9="Revenu")*AND(I9<>0)*AND(J9<>0),J9-I9,"")
A10: Facture achat | B10: A7 | C10: 41602 | D10: 1and1 | E10: Mensualité site web - Prélèvement n° 2100415410 | F10: Dépense | G10: D1. Informatique | H10: 1.1 Webservices | I10: 9.99 | J10: 11.95 | K10: =IF(F10="Revenu",K9+J10,IF(F10="Dépense",K9-J10,"")) -> 987.52 | L10: Paiement direct | N10: Prélèvement | O10: =IF((A10="Facture Vente")*AND(F10="Revenu")*AND(I10<>0)*AND(J10<>0),J10-I10,"")
A11: Facture achat | B11: A8 | C11: 41627 | D11: Amazon | E11: Classeur et pochettes plastifiées perforées | F11: Dépense | G11: D3. Administratif | H11: 3.1 Fournitures de bureau | I11: 16.93 | J11: 20.24 | K11: =IF(F11="Revenu",K10+J11,IF(F11="Dépense",K10-J11,"")) -> 967.28 | L11: Rt à FV | M11: 2014-1 | N11: Virement | O11: =IF((A11="Facture Vente")*AND(F11="Revenu")*AND(I11<>0)*AND(J11<>0),J11-I11,"")
A12: Facture achat | B12: A9 | C12: 41581 | D12: SpiderOak | E12: Sauvegardes en ligne, partage de fichiers | F12: Dépense | G12: D1. Informatique | H12: 1.1 Webservices | J12: 29.76 | K12: =IF(F12="Revenu",K11+J12,IF(F12="Dépense",K11-J12,"")) -> 937.52 | L12: Rt à FV | M12: 2014-1 | N12: Virement | O12: =IF((A12="Facture Vente")*AND(F12="Revenu")*AND(I12<>0)*AND(J12<>0),J12-I12,"")
A13: Facture achat | B13: A10 | C13: 41611 | D13: SpiderOak | E13: Sauvegardes en ligne, partage de fichiers | F13: Dépense | G13: D1. Informatique | H13: 1.1 Webservices | J13: 29.54 | K13: =IF(F13="Revenu",K12+J13,IF(F13="Dépense",K12-J13,"")) -> 907.98 | L13: Rt à FV | M13: 2014-1 | N13: Virement | O13: =IF((A13="Facture Vente")*AND(F13="Revenu")*AND(I13<>0)*AND(J13<>0),J13-I13,"")
A14: Pièce bancaire | B14: PB2 | C14: 41594 | D14: Livret Bleu | E14: Versement initial sur le livret d'épargne de l'association - VIR 07314 00021024402 | F14: Dépense | G14: D4. Frais comptables et financiers | H14: D4.9 Divers | J14: 10 | K14: =IF(F14="Revenu",K13+J14,IF(F14="Dépense",K13-J14,"")) -> 897.98 | L14: Epargne | N14: Virement | O14: =IF((A14="Facture Vente")*AND(F14="Revenu")*AND(I14<>0)*AND(J14<>0),J14-I14,"")
A15: Pièce bancaire | B15: PB3 | C15: 41590 | D15: Crédit Mutuel | E15: Souscription part sociale Crédit Mutuel | F15: Dépense | G15: D4. Frais comptables et financiers | H15: 4.2 Frais bancaires | J15: 15 | K15: =IF(F15="Revenu",K14+J15,IF(F15="Dépense",K14-J15,"")) -> 882.98 | L15: Paiement direct | N15: Virement | O15: =IF((A15="Facture Vente")*AND(F15="Revenu")*AND(I15<>0)*AND(J15<>0),J15-I15,"")
A16: Facture achat | B16: A11 | C16: 41621 | D16: Bouygues Tel | E16: Facture partielle Bouygues tel (précédemment facture personnelle, puis prise en charge par l'association, directement prélevée) | F16: Dépense | G16: D2. Développement | H16: 2.5 Téléphone | J16: 4.25 | K16: =IF(F16="Revenu",K15+J16,IF(F16="Dépense",K15-J16,"")) -> 878.73 | L16: Paiement direct | N16: Virement | O16: =IF((A16="Facture Vente")*AND(F16="Revenu")*AND(I16<>0)*AND(J16<>0),J16-I16,"")
A17: Facture achat | B17: A11 | C17: 41621 | D17: Bouygues Tel | E17: Même facture, mais partie facturée à FV (avant facturation à FORSE) puis remboursée sur note de frais | F17: Dépense | G17: D2. Développement | H17: 2.5 Téléphone | J17: 37.59 | K17: =IF(F17="Revenu",K16+J17,IF(F17="Dépense",K16-J17,"")) -> 841.14 | L17: Rt à FV | M17: 2014-1 | N17: Virement | O17: =IF((A17="Facture Vente")*AND(F17="Revenu")*AND(I17<>0)*AND(J17<>0),J17-I17,"")
A18: Frais de déplacements | B18: NF2014-01 | C18: 41639 | D18: FV | E18: Indemnités kilométriques FV novembre-décembre 2013. Détails : Voir note de frais n° 2014-01 | F18: Dépense | G18: D2. Développement | H18: 2.3 Rdv et colloques (dont déplacements, hébergements, repas) | J18: 32.29 | K18: =IF(F18="Revenu",K17+J18,IF(F18="Dépense",K17-J18,"")) -> 808.85 | L18: Rt à FV | M18: 2014-1 | N18: Virement | O18: =IF((A18="Facture Vente")*AND(F18="Revenu")*AND(I18<>0)*AND(J18<>0),J18-I18,"")
A19: Facture achat | B19: A13 | C19: 41639 | D19: TCL | E19: Transports en commun novembre 2013 | F19: Dépense | G19: D2. Développement | H19: 2.3 Rdv et colloques (dont déplacements, hébergements, repas) | J19: 53.7 | K19: =IF(F19="Revenu",K18+J19,IF(F19="Dépense",K18-J19,"")) -> 755.15 | L19: Rt à FV | M19: 2014-1 | N19: Virement | O19: =IF((A19="Facture Vente")*AND(F19="Revenu")*AND(I19<>0)*AND(J19<>0),J19-I19,"")
A20: Facture achat | B20: A14 | C20: 41639 | D20: TCL | E20: Transports en commun décembre 2013 | F20: Dépense | G20: D2. Développement | H20: 2.3 Rdv et colloques (dont déplacements, hébergements, repas) | J20: 53.7 | K20: =IF(F20="Revenu",K19+J20,IF(F20="Dépense",K19-J20,"")) -> 701.45 | L20: Rt à FV | M20: 2014-1 | N20: Virement | O20: =IF((A20="Facture Vente")*AND(F20="Revenu")*AND(I20<>0)*AND(J20<>0),J20-I20,"")
A21: Facture achat | B21: A12 | C21: 41645 | D21: SNCF | E21: Billet de train pour Paris - Convention LUCIE du 6 février 2014 | F21: Dépense | G21: D2. Développement | H21: 2.3 Rdv et colloques (dont déplacements, hébergements, repas) | J21: 118.85 | K21: =IF(F21="Revenu",K20+J21,IF(F21="Dépense",K20-J21,"")) -> 582.6 | L21: Rt à FV | M21: 2014-1 | N21: Virement | O21: =IF((A21="Facture Vente")*AND(F21="Revenu")*AND(I21<>0)*AND(J21<>0),J21-I21,"")
A22: Pièce bancaire | B22: PB4 | C22: 41645 | D22: FV | E22: Virement remboursement frais n° 2014-01 de 503,33 €. Nota : Les différents éléments figurent déjà séparément ici. J'ai donc juste mentionné la pièce (les sommes sont déjà présentes ailleurs). | F22: Dépense | J22: 0 | K22: =IF(F22="Revenu",K21+J22,IF(F22="Dépense",K21-J22,"")) -> 582.6 | L22: Rt à FV | M22: 2014-1 | N22: Virement | O22: =IF((A22="Facture Vente")*AND(F22="Revenu")*AND(I22<>0)*AND(J22<>0),J22-I22,"")
A23: Pièce bancaire | B23: PB5 | C23: 41609 | D23: Crédit Mutuel | E23: Avoir cotisation Eurocompte Association | F23: Revenu | G23: R5. Revenu autre | H23: R5.1 Remboursement frais bancaires | J23: 7.5 | K23: =IF(F23="Revenu",K22+J23,IF(F23="Dépense",K22-J23,"")) -> 590.1 | L23: Revenu | N23: Virement | O23: =IF((A23="Facture Vente")*AND(F23="Revenu")*AND(I23<>0)*AND(J23<>0),J23-I23,"")
A24: Adhésion | B24: E20140101 | C24: 41305 | D24: Siderlog | E24: Cotisation | F24: Revenu | G24: R4. Revenu cotisation | H24: R4.4 Entreprise 20 à 250 | J24: 350 | K24: =IF(F24="Revenu",K23+J24,IF(F24="Dépense",K23-J24,"")) -> 940.1 | L24: Revenu | N24: Chèque | O24: =IF((A24="Facture Vente")*AND(F24="Revenu")*AND(I24<>0)*AND(J24<>0),J24-I24,"")
A25: Facture achat | B25: A15 | C25: 41645 | D25: La Poste | E25: Envoi courrier | F25: Dépense | G25: D2. Développement | H25: 2.4 Envois postaux | J25: 4.5 | K25: =IF(F25="Revenu",K24+J25,IF(F25="Dépense",K24-J25,"")) -> 935.6 | L25: Rt à FV | M25: 2014-2 | N25: Virement | O25: =IF((A25="Facture Vente")*AND(F25="Revenu")*AND(I25<>0)*AND(J25<>0),J25-I25,"")
A26: Facture achat | B26: A16 | C26: 41647 | D26: Amazon | E26: Scotch, enveloppes | F26: Dépense | G26: D3. Administratif | H26: 3.1 Fournitures de bureau | I26: 19.71 | J26: 23.65 | K26: =IF(F26="Revenu",K25+J26,IF(F26="Dépense",K25-J26,"")) -> 911.95 | L26: Rt à FV | M26: 2014-2 | N26: Virement | O26: =IF((A26="Facture Vente")*AND(F26="Revenu")*AND(I26<>0)*AND(J26<>0),J26-I26,"")
A27: Facture achat | B27: A17 | C27: 41647 | D27: Amazon | E27: Chemises cartonnées | F27: Dépense | G27: D3. Administratif | H27: 3.1 Fournitures de bureau | I27: 9.83 | J27: 11.8 | K27: =IF(F27="Revenu",K26+J27,IF(F27="Dépense",K26-J27,"")) -> 900.15 | L27: Rt à FV | M27: 2014-2 | N27: Virement | O27: =IF((A27="Facture Vente")*AND(F27="Revenu")*AND(I27<>0)*AND(J27<>0),J27-I27,"")
A28: Facture achat | B28: A18 | C28: 41649 | D28: Restaurant | E28: Repas de midi de la journée RSE Nicomak, avec de nombreux consultants RSE et partenaires. | F28: Dépense | G28: D2. Développement | H28: 2.3 Rdv et colloques (dont déplacements, hébergements, repas) | J28: 11.5 | K28: =IF(F28="Revenu",K27+J28,IF(F28="Dépense",K27-J28,"")) -> 888.65 | L28: Rt à FV | M28: 2014-2 | N28: Virement | O28: =IF((A28="Facture Vente")*AND(F28="Revenu")*AND(I28<>0)*AND(J28<>0),J28-I28,"")
A29: Facture achat | B29: A19 | C29: 41649 | D29: VistaPrint | E29: Cartes de visites, blocs, stylos, porte-clefs, etc. | F29: Dépense | G29: D2. Développement | H29: 2.2 Objets griffés (stylos, porte-clefs etc.) | J29: 179.23 | K29: =IF(F29="Revenu",K28+J29,IF(F29="Dépense",K28-J29,"")) -> 709.42 | L29: Rt à FV | M29: 2014-2 | N29: Virement | O29: =IF((A29="Facture Vente")*AND(F29="Revenu")*AND(I29<>0)*AND(J29<>0),J29-I29,"")
A30: Facture achat | B30: A20 | C30: 41649 | D30: TCL | E30: Transports en commun janvier 2014 | F30: Dépense | G30: D2. Développement | H30: 2.3 Rdv et colloques (dont déplacements, hébergements, repas) | J30: 55 | K30: =IF(F30="Revenu",K29+J30,IF(F30="Dépense",K29-J30,"")) -> 654.42 | L30: Rt à FV | M30: 2014-2 | N30: Virement | O30: =IF((A30="Facture Vente")*AND(F30="Revenu")*AND(I30<>0)*AND(J30<>0),J30-I30,"")
A31: Facture achat | B31: A21 | C31: 41647 | D31: Stickair | E31: Autocollants moyenne et grande taille | F31: Dépense | G31: D2. Développement | H31: 2.1 Supports de com (plaquettes, autocollants, cartes de visite...) | J31: 96.39 | K31: =IF(F31="Revenu",K30+J31,IF(F31="Dépense",K30-J31,"")) -> 558.03 | L31: Rt à FV | M31: 2014-2 | N31: Virement | O31: =IF((A31="Facture Vente")*AND(F31="Revenu")*AND(I31<>0)*AND(J31<>0),J31-I31,"")
A32: Facture achat | B32: A22 | C32: 41647 | D32: Amazon | E32: Papier imprimante | F32: Dépense | G32: D3. Administratif | H32: 3.1 Fournitures de bureau | J32: 14.89 | K32: =IF(F32="Revenu",K31+J32,IF(F32="Dépense",K31-J32,"")) -> 543.14 | L32: Rt à FV | M32: 2014-2 | N32: Virement | O32: =IF((A32="Facture Vente")*AND(F32="Revenu")*AND(I32<>0)*AND(J32<>0),J32-I32,"")
A33: Facture achat | B33: A23 | C33: 41634 | D33: SpiderOak | E33: Sauvegardes en ligne, partage de fichiers | F33: Dépense | G33: D1. Informatique | H33: 1.1 Webservices | J33: 30 | K33: =IF(F33="Revenu",K32+J33,IF(F33="Dépense",K32-J33,"")) -> 513.14 | L33: Rt à FV | M33: 2014-2 | N33: Virement | O33: =IF((A33="Facture Vente")*AND(F33="Revenu")*AND(I33<>0)*AND(J33<>0),J33-I33,"")
A34: Facture achat | B34: A26 | C34: 41647 | D34: Amazon | E34: Enveloppes A5 et A4 | F34: Dépense | G34: D3. Administratif | H34: 3.1 Fournitures de bureau | J34: 22.76 | K34: =IF(F34="Revenu",K33+J34,IF(F34="Dépense",K33-J34,"")) -> 490.38 | L34: Rt à FV | M34: 2014-2 | N34: Virement | O34: =IF((A34="Facture Vente")*AND(F34="Revenu")*AND(I34<>0)*AND(J34<>0),J34-I34,"")
A35: Facture achat | B35: A25 | C35: 41647 | D35: Amazon | E35: Toners noir et couleur imprimante laser | F35: Dépense | G35: D1. Informatique | H35: 1.3 Matériel informatique et consommables | J35: 132.9 | K35: =IF(F35="Revenu",K34+J35,IF(F35="Dépense",K34-J35,"")) -> 357.48 | L35: Rt à FV | M35: 2014-2 | N35: Virement | O35: =IF((A35="Facture Vente")*AND(F35="Revenu")*AND(I35<>0)*AND(J35<>0),J35-I35,"")
A36: Facture achat | B36: A24 | C36: 41647 | D36: Amazon | E36: Gomme | F36: Dépense | G36: D3. Administratif | H36: 3.1 Fournitures de bureau | J36: 1.93 | K36: =IF(F36="Revenu",K35+J36,IF(F36="Dépense",K35-J36,"")) -> 355.55 | L36: Rt à FV | M36: 2014-2 | N36: Virement | O36: =IF((A36="Facture Vente")*AND(F36="Revenu")*AND(I36<>0)*AND(J36<>0),J36-I36,"")
A37: Facture achat | B37: A27 | C37: 41663 | D37: Synergie Copy | E37: Impression des plaquettes de présentation de l'association | F37: Dépense | G37: D2. Développement | H37: 2.1 Supports de com (plaquettes, autocollants, cartes de visite...) | J37: 120 | K37: =IF(F37="Revenu",K36+J37,IF(F37="Dépense",K36-J37,"")) -> 235.55 | L37: Rt à FV | M37: 2014-2 | N37: Virement | O37: =IF((A37="Facture Vente")*AND(F37="Revenu")*AND(I37<>0)*AND(J37<>0),J37-I37,"")
A38: Facture achat | B38: A28 | C38: 41667 | D38: Restaurant | E38: Brasserie de la poste (rdv avec Julie Poty, consultante QSE, adhérente potentielle) | F38: Dépense | G38: D2. Développement | H38: 2.3 Rdv et colloques (dont déplacements, hébergements, repas) | J38: 29.2 | K38: =IF(F38="Revenu",K37+J38,IF(F38="Dépense",K37-J38,"")) -> 206.35 | L38: Rt à FV | M38: 2014-2 | N38: Virement | O38: =IF((A38="Facture Vente")*AND(F38="Revenu")*AND(I38<>0)*AND(J38<>0),J38-I38,"")
A39: Facture achat | B39: A29 | C39: 41669 | D39: SpiderOak | E39: Sauvegardes en ligne, partage de fichiers | F39: Dépense | G39: D1. Informatique | H39: 1.1 Webservices | J39: 30 | K39: =IF(F39="Revenu",K38+J39,IF(F39="Dépense",K38-J39,"")) -> 176.35 | L39: Rt à FV | M39: 2014-2 | N39: Virement | O39: =IF((A39="Facture Vente")*AND(F39="Revenu")*AND(I39<>0)*AND(J39<>0),J39-I39,"")
... A41: Facture achat | B41: A32 | C41: 41669 | D41: Ooprint | E41: Tampon encreur monture écologique | F41: Dépense | G41: D3. Administratif | H41: 3.1 Fournitures de bureau | J41: 37.06 | K41: =IF(F41="Revenu",K40+J41,IF(F41="Dépense",K40-J41,"")) -> 125.2 | L41: Rt à FV | M41: 2014-2 | N41: Virement | O41: =IF((A41="Facture Vente")*AND(F41="Revenu")*AND(I41<>0)*AND(J41<>0),J41-I41,"")
A42: Facture vente | B42: F-20140101 | D42: IGS | E42: Suivi de mémoire S. Mauranges | F42: Revenu | G42: R1. Revenu formation | H42: R1.1 Ecole | I42: 434.4 | J42: 519.54 | K42: =IF(F42="Revenu",K41+J42,IF(F42="Dépense",K41-J42,"")) -> 644.74 | L42: Revenu | N42: Virement | O42: =IF((A42="Facture Vente")*AND(F42="Revenu")*AND(I42<>0)*AND(J42<>0),J42-I42,"") -> 85.14
A43: Pièce bancaire | B43: PB7 | C43: 41688 | D43: FV | E43: Virement remboursement frais n° 2014-02 de 814,90 €. Nota : Les différents éléments figurent déjà séparément ici. J'ai donc juste mentionné la pièce (les sommes sont déjà présentes ailleurs). | F43: Dépense | J43: 0 | K43: =IF(F43="Revenu",K42+J43,IF(F43="Dépense",K42-J43,"")) -> 644.74 | L43: Rt à FV | M43: 2014-2 | N43: Virement | O43: =IF((A43="Facture Vente")*AND(F43="Revenu")*AND(I43<>0)*AND(J43<>0),J43-I43,"")
A44: Facture achat | B44: A30 | C44: 41632 | D44: 1and1 | E44: Mensualité site web - Prélèvement n° 2100431322 | F44: Dépense | G44: D1. Informatique | H44: 1.1 Webservices | J44: 11.95 | K44: =IF(F44="Revenu",K43+J44,IF(F44="Dépense",K43-J44,"")) -> 632.79 | L44: Paiement direct | N44: Prélèvement | O44: =IF((A44="Facture Vente")*AND(F44="Revenu")*AND(I44<>0)*AND(J44<>0),J44-I44,"")
A45: Facture achat | B45: A31 | C45: 41676 | D45: 1and1 | E45: Mensualité site web - Prélèvement n° 2100444424 | F45: Dépense | G45: D1. Informatique | H45: 1.1 Webservices | J45: 11.99 | K45: =IF(F45="Revenu",K44+J45,IF(F45="Dépense",K44-J45,"")) -> 620.8 | L45: Paiement direct | N45: Prélèvement | O45: =IF((A45="Facture Vente")*AND(F45="Revenu")*AND(I45<>0)*AND(J45<>0),J45-I45,"")
A46: Facture achat | B46: A33 | C46: 41652 | D46: Bouygues Tel | E46: Abonnement téléphonique | F46: Dépense | G46: D2. Développement | H46: 2.5 Téléphone | J46: 71.86 | K46: =IF(F46="Revenu",K45+J46,IF(F46="Dépense",K45-J46,"")) -> 548.94 | L46: Paiement direct | N46: Prélèvement | O46: =IF((A46="Facture Vente")*AND(F46="Revenu")*AND(I46<>0)*AND(J46<>0),J46-I46,"")
A47: Pièce bancaire | B47: PB6 | C47: 41649 | D47: Crédit Mutuel | E47: Cotisation eurocompte (frais gestion du compte en banque) - Cf relevé de compte (PB6) | F47: Dépense | G47: D4. Frais comptables et financiers | H47: 3.2 Comptes et frais bancaires | J47: 7.5 | K47: =IF(F47="Revenu",K46+J47,IF(F47="Dépense",K46-J47,"")) -> 541.44 | L47: Paiement direct | O47: =IF((A47="Facture Vente")*AND(F47="Revenu")*AND(I47<>0)*AND(J47<>0),J47-I47,"")
A48: Pièce bancaire | B48: PB8 | C48: 41649 | D48: Crédit Mutuel | E48: Remboursement frais bancaires | F48: Revenu | G48: R5. Revenu autre | H48: R5.1 Remboursement frais bancaires | J48: 7.5 | K48: =IF(F48="Revenu",K47+J48,IF(F48="Dépense",K47-J48,"")) -> 548.94 | L48: Paiement direct | N48: Virement | O48: =IF((A48="Facture Vente")*AND(F48="Revenu")*AND(I48<>0)*AND(J48<>0),J48-I48,"")
A49: Facture achat | B49: A34 | C49: 41676 | D49: Taxi | E49: Taxi Levallois / Gare de Lyon (convention du label Lucie) | F49: Dépense | G49: D2. Développement | H49: 2.3 Rdv et colloques (dont déplacements, hébergements, repas) | J49: 47.8 | K49: =IF(F49="Revenu",K48+J49,IF(F49="Dépense",K48-J49,"")) -> 501.14 | L49: Rt à FV | M49: 2014-3 | N49: Virement | O49: =IF((A49="Facture Vente")*AND(F49="Revenu")*AND(I49<>0)*AND(J49<>0),J49-I49,"")
A50: Facture achat | B50: A35 | C50: 41676 | D50: Taxi | E50: Taxi gare Part-Dieu / domicile | F50: Dépense | G50: D2. Développement | H50: 2.3 Rdv et colloques (dont déplacements, hébergements, repas) | J50: 8.7 | K50: =IF(F50="Revenu",K49+J50,IF(F50="Dépense",K49-J50,"")) -> 492.44 | L50: Rt à FV | M50: 2014-3 | N50: Virement | O50: =IF((A50="Facture Vente")*AND(F50="Revenu")*AND(I50<>0)*AND(J50<>0),J50-I50,"")
A51: Facture achat | B51: A36 | C51: 41682 | D51: Afnor | E51: Achat du texte de la norme X30-029 | F51: Dépense | G51: 8. Autres dépenses | H51: 8.1 Documents et normes | I51: 63.2 | J51: 66.68 | K51: =IF(F51="Revenu",K50+J51,IF(F51="Dépense",K50-J51,"")) -> 425.76 | L51: Rt à FV | M51: 2014-3 | N51: Virement | O51: =IF((A51="Facture Vente")*AND(F51="Revenu")*AND(I51<>0)*AND(J51<>0),J51-I51,"")
A52: Facture achat | B52: A37 | C52: 41683 | D52: Amazon | E52: Baguettes de reliure, pochettes transparentes perforées (pour classeurs) | F52: Dépense | G52: D3. Administratif | H52: 3.1 Fournitures de bureau | I52: 19.23 | J52: 23.08 | K52: =IF(F52="Revenu",K51+J52,IF(F52="Dépense",K51-J52,"")) -> 402.68 | L52: Rt à FV | M52: 2014-3 | N52: Virement | O52: =IF((A52="Facture Vente")*AND(F52="Revenu")*AND(I52<>0)*AND(J52<>0),J52-I52,"")
A53: Facture achat | B53: A38 | C53: 41687 | D53: Restaurant | E53: Rdv avec Alain Garcia (président du GEVIL) - adhésion, partenariat | F53: Dépense | G53: D2. Développement | H53: 2.3 Rdv et colloques (dont déplacements, hébergements, repas) | J53: 20.95 | K53: =IF(F53="Revenu",K52+J53,IF(F53="Dépense",K52-J53,"")) -> 381.73 | L53: Rt à FV | M53: 2014-3 | N53: Virement | O53: =IF((A53="Facture Vente")*AND(F53="Revenu")*AND(I53<>0)*AND(J53<>0),J53-I53,"")
A54: Facture achat | B54: A39 | C54: 41688 | D54: Restaurant | E54: Repas de midi formation IGS | F54: Dépense | G54: D2. Développement | H54: 2.3 Rdv et colloques (dont déplacements, hébergements, repas) | I54: 19 | J54: 20.9 | K54: =IF(F54="Revenu",K53+J54,IF(F54="Dépense",K53-J54,"")) -> 360.83 | L54: Rt à FV | M54: 2014-3 | N54: Virement | O54: =IF((A54="Facture Vente")*AND(F54="Revenu")*AND(I54<>0)*AND(J54<>0),J54-I54,"")
A55: Facture achat | B55: A40 | C55: 41683 | D55: Amazon | E55: Pochettes transparentes pour baguettes à relier | F55: Dépense | G55: D3. Administratif | H55: 3.1 Fournitures de bureau | I55: 7.92 | J55: 9.5 | K55: =IF(F55="Revenu",K54+J55,IF(F55="Dépense",K54-J55,"")) -> 351.33 | L55: Rt à FV | M55: 2014-3 | N55: Virement | O55: =IF((A55="Facture Vente")*AND(F55="Revenu")*AND(I55<>0)*AND(J55<>0),J55-I55,"")
A56: Facture achat | B56: A41 | C56: 41683 | D56: Bouygues Tel | E56: Abonnement téléphonique | F56: Dépense | G56: D2. Développement | H56: 2.5 Téléphone | J56: 40.59 | K56: =IF(F56="Revenu",K55+J56,IF(F56="Dépense",K55-J56,"")) -> 310.74 | L56: Paiement direct | N56: Prélèvement | O56: =IF((A56="Facture Vente")*AND(F56="Revenu")*AND(I56<>0)*AND(J56<>0),J56-I56,"")
A57: Facture achat | B57: A52 | C57: 41692 | D57: 1and1 | E57: Facture annuelle (nouvelle formule, qui revient moins cher sur l'année) | F57: Dépense | G57: D1. Informatique | H57: 1.1 Webservices | J57: 250.66 | K57: =IF(F57="Revenu",K56+J57,IF(F57="Dépense",K56-J57,"")) -> 60.08 | L57: Paiement direct | N57: Prélèvement | O57: =IF((A57="Facture Vente")*AND(F57="Revenu")*AND(I57<>0)*AND(J57<>0),J57-I57,"")
A58: Facture achat | B58: A42 | C58: 41698 | D58: TCL | E58: Transports en commun février 2014 | F58: Dépense | G58: D2. Développement | H58: 2.3 Rdv et colloques (dont déplacements, hébergements, repas) | J58: 55 | K58: =IF(F58="Revenu",K57+J58,IF(F58="Dépense",K57-J58,"")) -> 5.08 | L58: Rt à FV | M58: 2014-3 | N58: Virement | O58: =IF((A58="Facture Vente")*AND(F58="Revenu")*AND(I58<>0)*AND(J58<>0),J58-I58,"")
A59: Facture vente | B59: F-20140201 | C59: 41716 | D59: IGS | E59: Journée de sensibilisation / Formation à la RSE (professionnels RH en formation continue) | F59: Revenu | G59: R1. Revenu formation | H59: R1.1 Ecole | I59: 455 | J59: 546 | K59: =IF(F59="Revenu",K58+J59,IF(F59="Dépense",K58-J59,"")) -> 551.08 | L59: Revenu | N59: Virement | O59: =IF((A59="Facture Vente")*AND(F59="Revenu")*AND(I59<>0)*AND(J59<>0),J59-I59,"") -> 91
A60: Facture achat | B60: A43 | C60: 41694 | D60: Synergie Copy | E60: Impressions A4 couleur (lancement de l'association) | F60: Dépense | G60: D2. Développement | H60: 2.1 Supports de com (plaquettes, autocollants, cartes de visite...) | I60: 24 | J60: 144 | K60: =IF(F60="Revenu",K59+J60,IF(F60="Dépense",K59-J60,"")) -> 407.08 | L60: Rt à FV | M60: 2014-3 | N60: Virement | O60: =IF((A60="Facture Vente")*AND(F60="Revenu")*AND(I60<>0)*AND(J60<>0),J60-I60,"")
A61: Facture achat | B61: A44 | C61: 41695 | D61: Maison de la presse | E61: Enveloppes craft A5 | F61: Dépense | G61: D3. Administratif | H61: 3.1 Fournitures de bureau | I61: 4.17 | J61: 25 | K61: =IF(F61="Revenu",K60+J61,IF(F61="Dépense",K60-J61,"")) -> 382.08 | L61: Rt à FV | M61: 2014-3 | N61: Virement | O61: =IF((A61="Facture Vente")*AND(F61="Revenu")*AND(I61<>0)*AND(J61<>0),J61-I61,"")
A62: Facture achat | B62: A45 | C62: 41696 | D62: Restaurant | E62: Repas de travail du bureau | F62: Dépense | G62: D2. Développement | H62: 2.3 Rdv et colloques (dont déplacements, hébergements, repas) | J62: 51.9 | K62: =IF(F62="Revenu",K61+J62,IF(F62="Dépense",K61-J62,"")) -> 330.18 | L62: Rt à FV | M62: 2014-3 | N62: Virement | O62: =IF((A62="Facture Vente")*AND(F62="Revenu")*AND(I62<>0)*AND(J62<>0),J62-I62,"")
A63: Frais de déplacements | B63: NF2014-03 | D63: FV | E63: Indemnités kilométriques FV. Détails : Voir note de frais n° 2014-03 | F63: Dépense | G63: D2. Développement | H63: 2.3 Rdv et colloques (dont déplacements, hébergements, repas) | J63: 61.64 | K63: =IF(F63="Revenu",K62+J63,IF(F63="Dépense",K62-J63,"")) -> 268.54 | L63: Rt à FV | M63: 2014-3 | N63: Virement | O63: =IF((A63="Facture Vente")*AND(F63="Revenu")*AND(I63<>0)*AND(J63<>0),J63-I63,"")
A64: Facture achat | B64: A46 | C64: 41696 | D64: Synergie Copy | E64: 400 plaquettes couleur, papier brillant épais | F64: Dépense | G64: D2. Développement | H64: 2.1 Supports de com (plaquettes, autocollants, cartes de visite...) | I64: 40 | J64: 240 | K64: =IF(F64="Revenu",K63+J64,IF(F64="Dépense",K63-J64,"")) -> 28.54 | L64: Rt à FV | M64: 2014-3 | N64: Virement | O64: =IF((A64="Facture Vente")*AND(F64="Revenu")*AND(I64<>0)*AND(J64<>0),J64-I64,"")
A65: Pièce bancaire | B65: PB12 | C65: 41738 | D65: FV | E65: Virement remboursement frais n° 2014-03 de 801,67 €. Nota : Les différents éléments figurent déjà séparément ici. J'ai donc juste mentionné la pièce (les sommes sont déjà présentes ailleurs). | F65: Dépense | J65: 0 | K65: =IF(F65="Revenu",K64+J65,IF(F65="Dépense",K64-J65,"")) -> 28.54 | L65: Rt à FV | M65: 2014-3 | N65: Virement | O65: =IF((A65="Facture Vente")*AND(F65="Revenu")*AND(I65<>0)*AND(J65<>0),J65-I65,"")
A66: Pièce bancaire | B66: PB9 | C66: 41670 | D66: Crédit Mutuel | E66: Frais bancaires | F66: Dépense | G66: D4. Frais comptables et financiers | H66: 3.2 Comptes et frais bancaires | J66: 7.5 | K66: =IF(F66="Revenu",K65+J66,IF(F66="Dépense",K65-J66,"")) -> 21.04 | L66: Paiement direct | N66: Prélèvement | O66: =IF((A66="Facture Vente")*AND(F66="Revenu")*AND(I66<>0)*AND(J66<>0),J66-I66,"")
A67: Pièce bancaire | B67: PB10 | C67: 41680 | D67: Crédit Mutuel | E67: Remboursement frais bancaires | F67: Revenu | H67: R5.1 Remboursement frais bancaires | J67: 7.5 | K67: =IF(F67="Revenu",K66+J67,IF(F67="Dépense",K66-J67,"")) -> 28.54 | L67: Revenu | N67: Virement | O67: =IF((A67="Facture Vente")*AND(F67="Revenu")*AND(I67<>0)*AND(J67<>0),J67-I67,"")
A68: Adhésion | C68: 41716 | D68: Adhérent FORSE | E68: Adhésion C Vermeulin | F68: Revenu | G68: R4. Revenu cotisation | H68: R4.1 Cotisation demandeur d'emploi | J68: 20 | K68: =IF(F68="Revenu",K67+J68,IF(F68="Dépense",K67-J68,"")) -> 48.54 | L68: Revenu | N68: Chèque | O68: =IF((A68="Facture Vente")*AND(F68="Revenu")*AND(I68<>0)*AND(J68<>0),J68-I68,"")
A69: Adhésion | C69: 41716 | D69: Adhérent FORSE | E69: Adhésion F Vermeulin | F69: Revenu | G69: R4. Revenu cotisation | H69: R4.1 Cotisation demandeur d'emploi | J69: 20 | K69: =IF(F69="Revenu",K68+J69,IF(F69="Dépense",K68-J69,"")) -> 68.54 | L69: Revenu | N69: Chèque | O69: =IF((A69="Facture Vente")*AND(F69="Revenu")*AND(I69<>0)*AND(J69<>0),J69-I69,"")
A70: Adhésion | C70: 41717 | D70: Adhérent FORSE | E70: Adhésion P Vermeulin | F70: Revenu | G70: R4. Revenu cotisation | H70: R4.2 Cotisation autre particulier | J70: 20 | K70: =IF(F70="Revenu",K69+J70,IF(F70="Dépense",K69-J70,"")) -> 88.54 | L70: Revenu | N70: Chèque | O70: =IF((A70="Facture Vente")*AND(F70="Revenu")*AND(I70<>0)*AND(J70<>0),J70-I70,"")
A71: Adhésion | C71: 41716 | D71: Adhérent FORSE | E71: Adhésion Julie Poty | F71: Revenu | G71: R4. Revenu cotisation | H71: R4.1 Cotisation demandeur d'emploi | J71: 20 | K71: =IF(F71="Revenu",K70+J71,IF(F71="Dépense",K70-J71,"")) -> 108.54 | L71: Revenu | N71: Chèque | O71: =IF((A71="Facture Vente")*AND(F71="Revenu")*AND(I71<>0)*AND(J71<>0),J71-I71,"")
A72: Adhésion | C72: 41716 | D72: Adhérent FORSE | E72: Adhésion SVU | F72: Revenu | G72: R4. Revenu cotisation | H72: R4.4 Entreprise 20 à 250 | J72: 200 | K72: =IF(F72="Revenu",K71+J72,IF(F72="Dépense",K71-J72,"")) -> 308.54 | L72: Revenu | N72: Chèque | O72: =IF((A72="Facture Vente")*AND(F72="Revenu")*AND(I72<>0)*AND(J72<>0),J72-I72,"")
A73: Adhésion | C73: 41716 | D73: Adhérent FORSE | E73: Adhésion Nicole Pillon | F73: Revenu | G73: R4. Revenu cotisation | H73: R4.2 Cotisation autre particulier | J73: 45 | K73: =IF(F73="Revenu",K72+J73,IF(F73="Dépense",K72-J73,"")) -> 353.54 | L73: Revenu | N73: Chèque | O73: =IF((A73="Facture Vente")*AND(F73="Revenu")*AND(I73<>0)*AND(J73<>0),J73-I73,"")
A74: Adhésion | C74: 41716 | D74: Adhérent FORSE | E74: Adhésion Thierry de Wispelaere | F74: Revenu | G74: R4. Revenu cotisation | H74: R4.6 Consultants / indépendants | J74: 100 | K74: =IF(F74="Revenu",K73+J74,IF(F74="Dépense",K73-J74,"")) -> 453.54 | L74: Revenu | N74: Chèque | O74: =IF((A74="Facture Vente")*AND(F74="Revenu")*AND(I74<>0)*AND(J74<>0),J74-I74,"")
A75: Adhésion | C75: 41716 | D75: Adhérent FORSE | E75: Adhésion Particip'Activ (Anabel Insua) | F75: Revenu | G75: R4. Revenu cotisation | H75: R4.4 Entreprise 20 à 250 | J75: 200 | K75: =IF(F75="Revenu",K74+J75,IF(F75="Dépense",K74-J75,"")) -> 653.54 | L75: Revenu | N75: Chèque | O75: =IF((A75="Facture Vente")*AND(F75="Revenu")*AND(I75<>0)*AND(J75<>0),J75-I75,"")
A76: Adhésion | C76: 41739 | D76: Adhérent FORSE | E76: Adhésion Ideal Immos (Jean-claude Berviller) | F76: Revenu | G76: R4. Revenu cotisation | H76: R4.6 Consultants / indépendants | J76: 90 | K76: =IF(F76="Revenu",K75+J76,IF(F76="Dépense",K75-J76,"")) -> 743.54 | L76: Revenu | N76: Chèque | O76: =IF((A76="Facture Vente")*AND(F76="Revenu")*AND(I76<>0)*AND(J76<>0),J76-I76,"")
A77: Facture achat | B77: A47 | C77: 41697 | D77: La Poste | E77: Envoi en nombre (démarchage adhérents potentiels) | F77: Dépense | G77: D2. Développement | H77: 2.4 Envois postaux | J77: 145.62 | K77: =IF(F77="Revenu",K76+J77,IF(F77="Dépense",K76-J77,"")) -> 597.92 | L77: Rt à FV | M77: 2014-4 | N77: Virement | O77: =IF((A77="Facture Vente")*AND(F77="Revenu")*AND(I77<>0)*AND(J77<>0),J77-I77,"")
A78: Facture achat | B78: A48 | C78: 41698 | D78: Amazon | E78: Etiquettes pour imprimante laser | F78: Dépense | G78: D3. Administratif | H78: 3.1 Fournitures de bureau | I78: 18.03 | J78: 21.64 | K78: =IF(F78="Revenu",K77+J78,IF(F78="Dépense",K77-J78,"")) -> 576.28 | L78: Rt à FV | M78: 2014-4 | N78: Virement | O78: =IF((A78="Facture Vente")*AND(F78="Revenu")*AND(I78<>0)*AND(J78<>0),J78-I78,"")
A79: Pièce bancaire | B79: PB11 | C79: 41699 | D79: Crédit Mutuel | E79: Remboursement frais bancaires | F79: Revenu | G79: R5. Revenu autre | H79: R5.1 Remboursement frais bancaires | J79: 7.5 | K79: =IF(F79="Revenu",K78+J79,IF(F79="Dépense",K78-J79,"")) -> 583.78 | O79: =IF((A79="Facture Vente")*AND(F79="Revenu")*AND(I79<>0)*AND(J79<>0),J79-I79,"")
A80: Pièce bancaire | B80: PB12 | C80: 41730 | D80: Crédit Mutuel | E80: Frais bancaires mars | F80: Dépense | G80: D4. Frais comptables et financiers | H80: 3.2 Comptes et frais bancaires | J80: 7.5 | K80: =IF(F80="Revenu",K79+J80,IF(F80="Dépense",K79-J80,"")) -> 576.28 | O80: =IF((A80="Facture Vente")*AND(F80="Revenu")*AND(I80<>0)*AND(J80<>0),J80-I80,"")
A81: Facture achat | B81: A49 | C81: 41711 | D81: La Poste | E81: Timbres | F81: Dépense | G81: D2. Développement | H81: 2.4 Envois postaux | J81: 24.4 | K81: =IF(F81="Revenu",K80+J81,IF(F81="Dépense",K80-J81,"")) -> 551.88 | L81: Rt à FV | M81: 2014-4 | N81: Virement | O81: =IF((A81="Facture Vente")*AND(F81="Revenu")*AND(I81<>0)*AND(J81<>0),J81-I81,"")
A82: Facture achat | B82: A50 | C82: 41711 | D82: Lyon Parc Auto | E82: Parking Gratte-ciel pour réunion consultants Lucie et FORSE | F82: Dépense | G82: D2. Développement | H82: 2.3 Rdv et colloques (dont déplacements, hébergements, repas) | J82: 4.95 | K82: =IF(F82="Revenu",K81+J82,IF(F82="Dépense",K81-J82,"")) -> 546.93 | L82: Rt à FV | M82: 2014-4 | N82: Virement | O82: =IF((A82="Facture Vente")*AND(F82="Revenu")*AND(I82<>0)*AND(J82<>0),J82-I82,"")
A83: Facture achat | B83: A51 | C83: 41711 | D83: Restaurant | E83: Brasserie 33 TNP avec les consultants partenaires Lucie | F83: Dépense | G83: D2. Développement | H83: 2.3 Rdv et colloques (dont déplacements, hébergements, repas) | J83: 19 | K83: =IF(F83="Revenu",K82+J83,IF(F83="Dépense",K82-J83,"")) -> 527.93 | L83: Rt à FV | M83: 2014-4 | N83: Virement | O83: =IF((A83="Facture Vente")*AND(F83="Revenu")*AND(I83<>0)*AND(J83<>0),J83-I83,"")
A84: Facture achat | B84: A53 | C84: 41710 | D84: Amazon | E84: Ciseaux | F84: Dépense | G84: D3. Administratif | H84: 3.1 Fournitures de bureau | J84: 9.89 | K84: =IF(F84="Revenu",K83+J84,IF(F84="Dépense",K83-J84,"")) -> 518.04 | L84: Rt à FV | M84: 2014-4 | N84: Virement | O84: =IF((A84="Facture Vente")*AND(F84="Revenu")*AND(I84<>0)*AND(J84<>0),J84-I84,"")
A85: Facture achat | B85: A54 | C85: 41715 | D85: La Poste | E85: Envoi courrier expert comptable (dossier impôt sur les sociétés etc.) | F85: Dépense | G85: D2. Développement | H85: 2.4 Envois postaux | J85: 1.65 | K85: =IF(F85="Revenu",K84+J85,IF(F85="Dépense",K84-J85,"")) -> 516.39 | L85: Rt à FV | M85: 2014-4 | N85: Virement | O85: =IF((A85="Facture Vente")*AND(F85="Revenu")*AND(I85<>0)*AND(J85<>0),J85-I85,"")
A86: Facture achat | B86: A55 | C86: 41716 | D86: Amazon | E86: Badges | F86: Dépense | G86: D2. Développement | H86: 2.1 Supports de com (plaquettes, autocollants, cartes de visite...) | J86: 13.42 | K86: =IF(F86="Revenu",K85+J86,IF(F86="Dépense",K85-J86,"")) -> 502.97 | L86: Rt à FV | M86: 2014-4 | N86: Virement | O86: =IF((A86="Facture Vente")*AND(F86="Revenu")*AND(I86<>0)*AND(J86<>0),J86-I86,"")
A87: Facture achat | B87: A56 | C87: 41726 | D87: Bouygues Tel | E87: Abonnement téléphonique | F87: Dépense | G87: D2. Développement | H87: 2.5 Téléphone | J87: 59.16 | K87: =IF(F87="Revenu",K86+J87,IF(F87="Dépense",K86-J87,"")) -> 443.81 | L87: Paiement direct | N87: Prélèvement | O87: =IF((A87="Facture Vente")*AND(F87="Revenu")*AND(I87<>0)*AND(J87<>0),J87-I87,"")
A88: Facture achat | B88: A57 | C88: 41720 | D88: MAIF | E88: Assurance | F88: Dépense | G88: D4. Frais comptables et financiers | H88: 4.3 Assurances | J88: 86.7 | K88: =IF(F88="Revenu",K87+J88,IF(F88="Dépense",K87-J88,"")) -> 357.11 | L88: Paiement direct | N88: Prélèvement | O88: =IF((A88="Facture Vente")*AND(F88="Revenu")*AND(I88<>0)*AND(J88<>0),J88-I88,"")
A89: Facture achat | B89: A58 | C89: 41726 | D89: Restaurant | E89: Petit déjeuner de travail avec Nicolle Pillon - préparation convention consultants partenaires Lucie | F89: Dépense | G89: D2. Développement | H89: 2.3 Rdv et colloques (dont déplacements, hébergements, repas) | J89: 8.65 | K89: =IF(F89="Revenu",K88+J89,IF(F89="Dépense",K88-J89,"")) -> 348.46 | L89: Rt à FV | M89: 2014-4 | N89: Virement | O89: =IF((A89="Facture Vente")*AND(F89="Revenu")*AND(I89<>0)*AND(J89<>0),J89-I89,"")
A90: Facture achat | B90: A59 | C90: 41722 | D90: Restaurant | E90: Repas de travail avec Anabel Insua (Particip'Activ) | F90: Dépense | G90: D2. Développement | H90: 2.3 Rdv et colloques (dont déplacements, hébergements, repas) | J90: 30 | K90: =IF(F90="Revenu",K89+J90,IF(F90="Dépense",K89-J90,"")) -> 318.46 | L90: Rt à FV | M90: 2014-4 | N90: Virement | O90: =IF((A90="Facture Vente")*AND(F90="Revenu")*AND(I90<>0)*AND(J90<>0),J90-I90,"")
A91: Facture achat | B91: A60 | C91: 41724 | D91: Amazon | E91: Fournitures de bureau (batons de colle) | F91: Dépense | G91: D3. Administratif | H91: 3.1 Fournitures de bureau | J91: 13.39 | K91: =IF(F91="Revenu",K90+J91,IF(F91="Dépense",K90-J91,"")) -> 305.07 | L91: Rt à FV | M91: 2014-4 | N91: Virement | O91: =IF((A91="Facture Vente")*AND(F91="Revenu")*AND(I91<>0)*AND(J91<>0),J91-I91,"")
A92: Facture achat | B92: A61 | C92: 41731 | D92: Amazon | E92: Fournitures de bureau (taille-crayon) | F92: Dépense | G92: D3. Administratif | H92: 3.1 Fournitures de bureau | J92: 1.95 | K92: =IF(F92="Revenu",K91+J92,IF(F92="Dépense",K91-J92,"")) -> 303.12 | L92: Rt à FV | M92: 2014-4 | N92: Virement | O92: =IF((A92="Facture Vente")*AND(F92="Revenu")*AND(I92<>0)*AND(J92<>0),J92-I92,"")
A93: Pièce bancaire | B93: PB13 | C93: 41753 | D93: FV | E93: Virement remboursement frais n° 2014-04 de 270,16 €. Nota : Les différents éléments figurent déjà séparément ici. J'ai donc juste mentionné la pièce (les sommes sont déjà présentes ailleurs). | F93: Dépense | J93: 0 | K93: =IF(F93="Revenu",K92+J93,IF(F93="Dépense",K92-J93,"")) -> 303.12 | L93: Rt à FV | M93: 2014-4 | N93: Virement | O93: =IF((A93="Facture Vente")*AND(F93="Revenu")*AND(I93<>0)*AND(J93<>0),J93-I93,"")
A94: Facture achat | B94: A62 | C94: 41733 | D94: VistaPrint | E94: Vista Print (cartes de visite Julie Poty) | F94: Dépense | G94: D2. Développement | H94: 2.1 Supports de com (plaquettes, autocollants, cartes de visite...) | J94: 39.58 | K94: =IF(F94="Revenu",K93+J94,IF(F94="Dépense",K93-J94,"")) -> 263.54 | L94: Rt à FV | M94: 2014-5 | N94: Virement | O94: =IF((A94="Facture Vente")*AND(F94="Revenu")*AND(I94<>0)*AND(J94<>0),J94-I94,"")
A95: Facture achat | B95: A63 | C95: 41736 | D95: Metro | E95: Fournitures de bureau (enveloppes, post-it, pochettes, chemises) | F95: Dépense | G95: D3. Administratif | H95: 3.1 Fournitures de bureau | J95: 36.3 | K95: =IF(F95="Revenu",K94+J95,IF(F95="Dépense",K94-J95,"")) -> 227.24 | L95: Rt à FV | M95: 2014-5 | N95: Virement | O95: =IF((A95="Facture Vente")*AND(F95="Revenu")*AND(I95<>0)*AND(J95<>0),J95-I95,"")
A96: Facture achat | B96: A64 | C96: 41732 | D96: Amazon | E96: Ted+ (par Amazon) - Ramettes de papier recyclé blanc | F96: Dépense | G96: D3. Administratif | H96: 3.1 Fournitures de bureau | J96: 20.2 | K96: =IF(F96="Revenu",K95+J96,IF(F96="Dépense",K95-J96,"")) -> 207.04 | L96: Rt à FV | M96: 2014-5 | N96: Virement | O96: =IF((A96="Facture Vente")*AND(F96="Revenu")*AND(I96<>0)*AND(J96<>0),J96-I96,"")
A97: Facture achat | B97: A66 | C97: 41739 | D97: Microsoft | E97: 3 licenses Microsoft Office à prix réduit (opération de mécénat) -A66 car A65 pour ajustement Bouygues décembre 2013 | F97: Dépense | G97: D1. Informatique | H97: 1.2 Logiciels | J97: 64.8 | K97: =IF(F97="Revenu",K96+J97,IF(F97="Dépense",K96-J97,"")) -> 142.24 | L97: Paiement direct | N97: Virement | O97: =IF((A97="Facture Vente")*AND(F97="Revenu")*AND(I97<>0)*AND(J97<>0),J97-I97,"")
A98: Facture achat | B98: A67 | C98: 41739 | D98: Microsoft | E98: 3 licenses Windows 8,1 à prix réduit (opération de mécénat) | F98: Dépense | G98: D1. Informatique | H98: 1.2 Logiciels | J98: 21.6 | K98: =IF(F98="Revenu",K97+J98,IF(F98="Dépense",K97-J98,"")) -> 120.64 | L98: Paiement direct | N98: Virement | O98: =IF((A98="Facture Vente")*AND(F98="Revenu")*AND(I98<>0)*AND(J98<>0),J98-I98,"")
A99: Facture achat | B99: A68 | C99: 41735 | D99: Amazon | E99: Stylos bleus et stylos noirs | F99: Dépense | G99: D3. Administratif | H99: 3.1 Fournitures de bureau | J99: 14.59 | K99: =IF(F99="Revenu",K98+J99,IF(F99="Dépense",K98-J99,"")) -> 106.05 | L99: Rt à FV | M99: 2014-5 | N99: Virement | O99: =IF((A99="Facture Vente")*AND(F99="Revenu")*AND(I99<>0)*AND(J99<>0),J99-I99,"")
A100: Adhésion | B100: E20140402 | C100: 41753 | D100: Adhérent FORSE | E100: Adhésion Batigere Rhône-Alpes | F100: Revenu | G100: R4. Revenu cotisation | H100: R4.4 Entreprise 20 à 250 | J100: 400 | K100: =IF(F100="Revenu",K99+J100,IF(F100="Dépense",K99-J100,"")) -> 506.05 | L100: Revenu | N100: Chèque | O100: =IF((A100="Facture Vente")*AND(F100="Revenu")*AND(I100<>0)*AND(J100<>0),J100-I100,"")
A101: Adhésion | B101: E20140401 | C101: 41753 | D101: Adhérent FORSE | E101: Adhésion Decomatic | F101: Revenu | G101: R4. Revenu cotisation | H101: R4.4 Entreprise 20 à 250 | J101: 400 | K101: =IF(F101="Revenu",K100+J101,IF(F101="Dépense",K100-J101,"")) -> 906.05 | L101: Revenu | N101: Chèque | O101: =IF((A101="Facture Vente")*AND(F101="Revenu")*AND(I101<>0)*AND(J101<>0),J101-I101,"")
...

Sheet 2013
A1: 2013
A2: Dépenses | M2: Revenus
A3: 1. Informatique | C3: 2. Communication | E3: 3. Administratif | G3: 4. Banque et assurance | I3: 5. Impôts et démarches | K3: 6. Autres dépenses | M3: =Param!C12 -> R1. Revenu formation | N3: =Param!C13 -> R2. Revenu prestation | O3: =Param!C14 -> R3. Revenu subvention | P3: =Param!C15 -> R4. Revenu cotisation | Q3: =Param!C16 -> R5. Revenu autre
A4: =Param!D3 -> D1.1 Webservices | B4: =SUMIFS(Comptes!$J$3:$J$198,Comptes!$C$3:$C$198, ">="&$A$15,Comptes!$C$3:$C$198, "<="&$A$16,Comptes!$H$3:$H$198,"="&A4) -> 11.95 | C4: =Param!D7 -> D2.1 Supports de com (plaquettes, autocollants, cartes de visite...) | D4: =SUMIFS(Comptes!$J$3:$J$198,Comptes!$C$3:$C$198, ">="&$A$15,Comptes!$C$3:$C$198, "<="&$A$16,Comptes!$H$3:$H$198,"="&C4) -> 0 | E4: =Param!D13 -> D3.1 Fournitures de bureau | F4: =SUMIFS(Comptes!$J$3:$J$198,Comptes!$C$3:$C$198, ">="&$A$15,Comptes!$C$3:$C$198, "<="&$A$16,Comptes!$H$3:$H$198,"="&E4) -> 0 | G4: =Param!D17 -> D4.1 Expert Comptable | H4: =SUMIFS(Comptes!$J$3:$J$198,Comptes!$C$3:$C$198, ">="&$A$15,Comptes!$C$3:$C$198, "<="&$A$16,Comptes!$H$3:$H$198,"="&G4) -> 0 | I4: =Param!D21 -> D5.1 Impôt sur les Sociétés | J4: =SUMIFS(Comptes!$J$3:$J$198,Comptes!$C$3:$C$198, ">="&$A$15,Comptes!$C$3:$C$198, "<="&$A$16,Comptes!$H$3:$H$198,"="&I4) -> 0 | K4: =Param!D30 -> D7.1 Viennoiseries / boissons | L4: =SUMIFS(Comptes!$J$3:$J$198,Comptes!$C$3:$C$198, ">="&$A$15,Comptes!$C$3:$C$198, "<="&$A$16,Comptes!$H$3:$H$198,"="&K4) -> 0
A5: =Param!D4 -> D1.2 Logiciels | B5: =SUMIFS(Comptes!$J$3:$J$198,Comptes!$C$3:$C$198, ">="&$A$15,Comptes!$C$3:$C$198, "<="&$A$16,Comptes!$H$3:$H$198,"="&A5) -> 0 | C5: =Param!D8 -> D2.2 Objets griffés (stylos, porte-clefs etc.) | D5: =SUMIFS(Comptes!$J$3:$J$198,Comptes!$C$3:$C$198, ">="&$A$15,Comptes!$C$3:$C$198, "<="&$A$16,Comptes!$H$3:$H$198,"="&C5) -> 0 | E5: =Param!D14 -> D3.2 Réunions | F5: =SUMIFS(Comptes!$J$3:$J$198,Comptes!$C$3:$C$198, ">="&$A$15,Comptes!$C$3:$C$198, "<="&$A$16,Comptes!$H$3:$H$198,"="&E5) -> 0 | G5: =Param!D18 -> D4.2 Frais bancaires | H5: =SUMIFS(Comptes!$J$3:$J$198,Comptes!$C$3:$C$198, ">="&$A$15,Comptes!$C$3:$C$198, "<="&$A$16,Comptes!$H$3:$H$198,"="&G5) -> 0 | I5: =Param!D22 -> D5.2 TVA | J5: =SUMIFS(Comptes!$J$3:$J$198,Comptes!$C$3:$C$198, ">="&$A$15,Comptes!$C$3:$C$198, "<="&$A$16,Comptes!$H$3:$H$198,"="&I5) -> 0
A6: =Param!D5 -> D1.3 Matériel informatique et consommables | B6: =SUMIFS(Comptes!$J$3:$J$198,Comptes!$C$3:$C$198, ">="&$A$15,Comptes!$C$3:$C$198, "<="&$A$16,Comptes!$H$3:$H$198,"="&A6) -> 0 | C6: =Param!D9 -> D2.3 Rdv et colloques (dont déplacements, hébergements, repas) | D6: =SUMIFS(Comptes!$J$3:$J$198,Comptes!$C$3:$C$198, ">="&$A$15,Comptes!$C$3:$C$198, "<="&$A$16,Comptes!$H$3:$H$198,"="&C6) -> 0 | E6: =Param!D15 -> D3.3 Autres | F6: =SUMIFS(Comptes!$J$3:$J$198,Comptes!$C$3:$C$198, ">="&$A$15,Comptes!$C$3:$C$198, "<="&$A$16,Comptes!$H$3:$H$198,"="&E6) -> 0 | G6: =Param!D19 -> D4.3 Assurances | H6: =SUMIFS(Comptes!$J$3:$J$198,Comptes!$C$3:$C$198, ">="&$A$15,Comptes!$C$3:$C$198, "<="&$A$16,Comptes!$H$3:$H$198,"="&G6) -> 0 | I6: =Param!D23 -> D5.3 Démarches officielles | J6: =SUMIFS(Comptes!$J$3:$J$198,Comptes!$C$3:$C$198, ">="&$A$15,Comptes!$C$3:$C$198, "<="&$A$16,Comptes!$H$3:$H$198,"="&I6) -> 44
C7: =Param!D10 -> D2.4 Envois postaux | D7: =SUMIFS(Comptes!$J$3:$J$198,Comptes!$C$3:$C$198, ">="&$A$15,Comptes!$C$3:$C$198, "<="&$A$16,Comptes!$H$3:$H$198,"="&C7) -> 0
C8: =Param!D11 -> D2.5 Téléphone | D8: =SUMIFS(Comptes!$J$3:$J$198,Comptes!$C$3:$C$198, ">="&$A$15,Comptes!$C$3:$C$198, "<="&$A$16,Comptes!$H$3:$H$198,"="&C8) -> 0
A9: Total | B9: =SUM(B4:B8) -> 11.95 | D9: =SUM(D4:D8) -> 0 | F9: =SUM(F4:F8) -> 0 | H9: =SUM(H4:H8) -> 0 | J9: =SUM(J4:J8) -> 44 | L9: =SUM(L4:L8) -> 0 | M9: =SUMIFS(Comptes!$J$3:$J$198,Comptes!$C$3:$C$198, ">="&$A$15,Comptes!$C$3:$C$198, "<="&$A$16,Comptes!$G$3:$G$198,"="&M$3) -> 1039.08 | N9: =SUMIFS(Comptes!$J$3:$J$198,Comptes!$C$3:$C$198, ">="&$A$15,Comptes!$C$3:$C$198, "<="&$A$16,Comptes!$G$3:$G$198,"="&N$3) -> 0 | O9: =SUMIFS(Comptes!$J$3:$J$198,Comptes!$C$3:$C$198, ">="&$A$15,Comptes!$C$3:$C$198, "<="&$A$16,Comptes!$G$3:$G$198,"="&O$3) -> 0 | P9: =SUMIFS(Comptes!$J$3:$J$198,Comptes!$C$3:$C$198, ">="&$A$15,Comptes!$C$3:$C$198, "<="&$A$16,Comptes!$G$3:$G$198,"="&P$3) -> 350 | Q9: =SUMIFS(Comptes!$J$3:$J$198,Comptes!$C$3:$C$198, ">="&$A$15,Comptes!$C$3:$C$198, "<="&$A$16,Comptes!$G$3:$G$198,"="&Q$3) -> 7.5
A12: TOTAL Dépenses | B12: =SUM(B9,D9,F9,H9,J9,L9) -> 55.95 | M12: TOTAL recettes | N12: =SUM(M9:Q9) -> 1396.58
A14: Dates de début et de fin
A15: 41275
A16: 41639

Sheet 2014
A1: 2014
A2: Dépenses
A3: =Param!C3 -> D1. Informatique | D3: =Param!C4 -> D2. Développement | G3: =Param!C5 -> D3. Administratif | J3: =Param!C6 -> D4. Frais comptables et financiers | M3: =Param!C7 -> D5. Impôts et démarches | P3: =Param!C8 -> D6. Locaux et personnel | S3: =Param!C9 -> D7. Actions | V3: =Param!C10 -> D8. Trophées | Y3: =Param!C11 -> D9. Autres dépenses
B4: Budget | C4: Réalisé | E4: Budget | F4: Réalisé | H4: Budget | I4: Réalisé | K4: Budget | L4: Réalisé | N4: Budget | O4: Réalisé | Q4: Budget | R4: Réalisé | T4: Budget | U4: Réalisé | W4: Budget | X4: Réalisé | Z4: Budget | AA4: Réalisé
A5: =Param!D3 -> D1.1 Webservices | B5: 580 | C5: =SUMIFS(Comptes!$J$3:$J$198,Comptes!$C$3:$C$198, ">="&$A$34,Comptes!$C$3:$C$198, "<="&$A$35,Comptes!$H$3:$H$198,"="&A5) -> 0 | D5: =Param!D7 -> D2.1 Supports de com (plaquettes, autocollants, cartes de visite...) | E5: 950 | F5: =SUMIFS(Comptes!$J$3:$J$198,Comptes!$C$3:$C$198, ">="&$A$34,Comptes!$C$3:$C$198, "<="&$A$35,Comptes!$H$3:$H$198,"="&D5) -> 0 | G5: =Param!D13 -> D3.1 Fournitures de bureau | H5: 450 | I5: =SUMIFS(Comptes!$J$3:$J$198,Comptes!$C$3:$C$198, ">="&$A$34,Comptes!$C$3:$C$198, "<="&$A$35,Comptes!$H$3:$H$198,"="&G5) -> 0 | J5: =Param!D17 -> D4.1 Expert Comptable | K5: 200 | L5: =SUMIFS(Comptes!$J$3:$J$198,Comptes!$C$3:$C$198, ">="&$A$34,Comptes!$C$3:$C$198, "<="&$A$35,Comptes!$H$3:$H$198,"="&J5) -> 0 | M5: =Param!D21 -> D5.1 Impôt sur les Sociétés | N5: 100 | O5: =SUMIFS(Comptes!$J$3:$J$198,Comptes!$C$3:$C$198, ">="&$A$34,Comptes!$C$3:$C$198, "<="&$A$35,Comptes!$H$3:$H$198,"="&M5) -> 0 | P5: =Param!D25 -> D6.1 Loyer et charges | Q5: 0 | R5: =SUMIFS(Comptes!$J$3:$J$198,Comptes!$C$3:$C$198, ">="&$A$34,Comptes!$C$3:$C$198, "<="&$A$35,Comptes!$H$3:$H$198,"="&P5) -> 0 | S5: =Param!D30 -> D7.1 Viennoiseries / boissons | T5: 80 | U5: =SUMIFS(Comptes!$J$3:$J$198,Comptes!$C$3:$C$198, ">="&$A$34,Comptes!$C$3:$C$198, "<="&$A$35,Comptes!$H$3:$H$198,"="&S5) -> 0 | V5: =Param!D32 -> D8.1 Phase de préparation | X5: =SUMIFS(Comptes!$J$3:$J$198,Comptes!$C$3:$C$198, ">="&$A$34,Comptes!$C$3:$C$198, "<="&$A$35,Comptes!$H$3:$H$198,"="&V5) -> 0 | Y5: =Param!D34 -> D9.1 Documents et normes | Z5: 70 | AA5: =SUMIFS(Comptes!$J$3:$J$198,Comptes!$C$3:$C$198, ">="&$A$34,Comptes!$C$3:$C$198, "<="&$A$35,Comptes!$H$3:$H$198,"="&Y5) -> 0
A6: =Param!D4 -> D1.2 Logiciels | B6: 165 | C6: =SUMIFS(Comptes!$J$3:$J$198,Comptes!$C$3:$C$198, ">="&$A$34,Comptes!$C$3:$C$198, "<="&$A$35,Comptes!$H$3:$H$198,"="&A6) -> 0 | D6: =Param!D8 -> D2.2 Objets griffés (stylos, porte-clefs etc.) | E6: 200 | F6: =SUMIFS(Comptes!$J$3:$J$198,Comptes!$C$3:$C$198, ">="&$A$34,Comptes!$C$3:$C$198, "<="&$A$35,Comptes!$H$3:$H$198,"="&D6) -> 0 | G6: =Param!D14 -> D3.2 Réunions | H6: 450 | I6: =SUMIFS(Comptes!$J$3:$J$198,Comptes!$C$3:$C$198, ">="&$A$34,Comptes!$C$3:$C$198, "<="&$A$35,Comptes!$H$3:$H$198,"="&G6) -> 0 | J6: =Param!D18 -> D4.2 Frais bancaires | K6: 150 | L6: =SUMIFS(Comptes!$J$3:$J$198,Comptes!$C$3:$C$198, ">="&$A$34,Comptes!$C$3:$C$198, "<="&$A$35,Comptes!$H$3:$H$198,"="&J6) -> 0 | M6: =Param!D22 -> D5.2 TVA | N6: 149 | O6: =SUMIFS(Comptes!$J$3:$J$198,Comptes!$C$3:$C$198, ">="&$A$34,Comptes!$C$3:$C$198, "<="&$A$35,Comptes!$H$3:$H$198,"="&M6) -> 0 | P6: =Param!D26 -> D6.2 Energie | Q6: 0 | R6: =SUMIFS(Comptes!$J$3:$J$198,Comptes!$C$3:$C$198, ">="&$A$34,Comptes!$C$3:$C$198, "<="&$A$35,Comptes!$H$3:$H$198,"="&P6) -> 0
A7: =Param!D5 -> D1.3 Matériel informatique et consommables | B7: 400 | C7: =SUMIFS(Comptes!$J$3:$J$198,Comptes!$C$3:$C$198, ">="&$A$34,Comptes!$C$3:$C$198, "<="&$A$35,Comptes!$H$3:$H$198,"="&A7) -> 0 | D7: =Param!D9 -> D2.3 Rdv et colloques (dont déplacements, hébergements, repas) | E7: 1000 | F7: =SUMIFS(Comptes!$J$3:$J$198,Comptes!$C$3:$C$198, ">="&$A$34,Comptes!$C$3:$C$198, "<="&$A$35,Comptes!$H$3:$H$198,"="&D7) -> 0 | G7: =Param!D15 -> D3.3 Autres | H7: 50 | I7: =SUMIFS(Comptes!$J$3:$J$198,Comptes!$C$3:$C$198, ">="&$A$34,Comptes!$C$3:$C$198, "<="&$A$35,Comptes!$H$3:$H$198,"="&G7) -> 0 | J7: =Param!D19 -> D4.3 Assurances | K7: 86.7 | L7: =SUMIFS(Comptes!$J$3:$J$198,Comptes!$C$3:$C$198, ">="&$A$34,Comptes!$C$3:$C$198, "<="&$A$35,Comptes!$H$3:$H$198,"="&J7) -> 0 | M7: =Param!D23 -> D5.3 Démarches officielles | N7: 0 | O7: =SUMIFS(Comptes!$J$3:$J$198,Comptes!$C$3:$C$198, ">="&$A$34,Comptes!$C$3:$C$198, "<="&$A$35,Comptes!$H$3:$H$198,"="&M7) -> 0 | P7: =Param!D27 -> D6.3 Salaire | Q7: 0 | R7: =SUMIFS(Comptes!$J$3:$J$198,Comptes!$C$3:$C$198, ">="&$A$34,Comptes!$C$3:$C$198, "<="&$A$35,Comptes!$H$3:$H$198,"="&P7) -> 0
D8: =Param!D10 -> D2.4 Envois postaux | E8: 250 | F8: =SUMIFS(Comptes!$J$3:$J$198,Comptes!$C$3:$C$198, ">="&$A$34,Comptes!$C$3:$C$198, "<="&$A$35,Comptes!$H$3:$H$198,"="&D8) -> 0 | P8: =Param!D28 -> D6.4 Autres | Q8: 0 | R8: =SUMIFS(Comptes!$J$3:$J$198,Comptes!$C$3:$C$198, ">="&$A$34,Comptes!$C$3:$C$198, "<="&$A$35,Comptes!$H$3:$H$198,"="&P8) -> 0
D9: =Param!D11 -> D2.5 Téléphone | E9: 460 | F9: =SUMIFS(Comptes!$J$3:$J$198,Comptes!$C$3:$C$198, ">="&$A$34,Comptes!$C$3:$C$198, "<="&$A$35,Comptes!$H$3:$H$198,"="&D9) -> 0
A10: =Param!D6 -> D1.9 Divers | C10: =SUMIFS(Comptes!$J$3:$J$198,Comptes!$C$3:$C$198, ">="&$A$34,Comptes!$C$3:$C$198, "<="&$A$35,Comptes!$H$3:$H$198,"="&A10) -> 0 | D10: =Param!D12 -> D2.9 Divers | F10: =SUMIFS(Comptes!$J$3:$J$198,Comptes!$C$3:$C$198, ">="&$A$34,Comptes!$C$3:$C$198, "<="&$A$35,Comptes!$H$3:$H$198,"="&D10) -> 0 | G10: =Param!D16 -> D3.9 Divers | I10: =SUMIFS(Comptes!$J$3:$J$198,Comptes!$C$3:$C$198, ">="&$A$34,Comptes!$C$3:$C$198, "<="&$A$35,Comptes!$H$3:$H$198,"="&G10) -> 0 | J10: =Param!D20 -> D4.9 Divers | L10: =SUMIFS(Comptes!$J$3:$J$198,Comptes!$C$3:$C$198, ">="&$A$34,Comptes!$C$3:$C$198, "<="&$A$35,Comptes!$H$3:$H$198,"="&J10) -> 0 | M10: =Param!D24 -> D5.9 Divers | O10: =SUMIFS(Comptes!$J$3:$J$198,Comptes!$C$3:$C$198, ">="&$A$34,Comptes!$C$3:$C$198, "<="&$A$35,Comptes!$H$3:$H$198,"="&M10) -> 0 | P10: =Param!D29 -> D6.9 Divers | R10: =SUMIFS(Comptes!$J$3:$J$198,Comptes!$C$3:$C$198, ">="&$A$34,Comptes!$C$3:$C$198, "<="&$A$35,Comptes!$H$3:$H$198,"="&P10) -> 0 | S10: =Param!D31 -> D7.9 Divers | T10: 50 | U10: =SUMIFS(Comptes!$J$3:$J$198,Comptes!$C$3:$C$198, ">="&$A$34,Comptes!$C$3:$C$198, "<="&$A$35,Comptes!$H$3:$H$198,"="&S10) -> 0 | V10: =Param!D33 -> D8.9 Divers | X10: =SUMIFS(Comptes!$J$3:$J$198,Comptes!$C$3:$C$198, ">="&$A$34,Comptes!$C$3:$C$198, "<="&$A$35,Comptes!$H$3:$H$198,"="&V10) -> 0 | Y10: =Param!D35 -> D9.9 Divers | AA10: =SUMIFS(Comptes!$J$3:$J$198,Comptes!$C$3:$C$198, ">="&$A$34,Comptes!$C$3:$C$198, "<="&$A$35,Comptes!$H$3:$H$198,"="&Y10) -> 0
A11: Total | B11: =SUM(B5:B9) -> 1145 | C11: =SUM(C5:C10) -> 0 | E11: =SUM(E5:E9) -> 2860 | F11: =SUM(F5:F10) -> 0 | H11: =SUM(H5:H9) -> 950 | I11: =SUM(I5:I10) -> 0 | K11: =SUM(K5:K9) -> 436.7 | L11: =SUM(L5:L10) -> 0 | N11: =SUM(N5:N9) -> 249 | O11: =SUM(O5:O10) -> 0 | Q11: =SUM(Q5:Q9) -> 0 | R11: =SUM(R5:R10) -> 0 | T11: =SUM(T5:T10) -> 130 | U11: =SUM(U5:U10) -> 0 | W11: =SUM(W5:W9) -> 0 | X11: =SUM(X5:X10) -> 0 | Z11: =SUM(Z5:Z9) -> 70 | AA11: =SUM(AA5:AA10) -> 0
A13: Revenus
A14: =Param!C12 -> R1. Revenu formation | D14: =Param!C13 -> R2. Revenu prestation | G14: =Param!C14 -> R3. Revenu subvention | J14: =Param!C15 -> R4. Revenu cotisation | M14: =Param!C16 -> R5. Revenu autre
B15: Budget | C15: Réalisé | E15: Budget | F15: Réalisé | H15: Budget | I15: Réalisé | K15: Budget | L15: Réalisé | N15: Budget | O15: Réalisé
A16: =Param!D36 -> R1.1 Ecole
A17: =Param!D37 -> R1.2 Formation entreprise(s) | D17: =Param!D39 -> R2.1 Diagnostic, conseil | G17: =Param!D41 -> R3.1 Subvention trophées | J17: =Param!D43 -> R4.1 Cotisation demandeur d'emploi | M17: =Param!D50 -> R5.1 Remboursement frais bancaires
J18: =Param!D44 -> R4.2 Cotisation autre particulier
J19: =Param!D45 -> R4.3 Entreprise <20
J20: =Param!D46 -> R4.4 Entreprise 20 à 250
J21: =Param!D47 -> R4.5 Entreprise >250
J22: =Param!D48 -> R4.6 Consultants / indépendants
A23: =Param!D38 -> R1.9 Divers | D23: =Param!D40 -> R2.9 Divers | G23: =Param!D42 -> R3.9 Divers | J23: =Param!D49 -> R4.9 Divers | M23: =Param!D51 -> R5.9 Divers
B24: 1800 | C24: =SUMIFS(Comptes!$J$3:$J$198,Comptes!$C$3:$C$198, ">="&$A$34,Comptes!$C$3:$C$198, "<="&$A$35,Comptes!$G$3:$G$198,"="&A$14) -> 546 | E24: 1200 | F24: =SUMIFS(Comptes!$J$3:$J$198,Comptes!$C$3:$C$198, ">="&$A$34,Comptes!$C$3:$C$198, "<="&$A$35,Comptes!$G$3:$G$198,"="&D$14) -> 0 | H24: 0 | I24: =SUMIFS(Comptes!$J$3:$J$198,Comptes!$C$3:$C$198, ">="&$A$34,Comptes!$C$3:$C$198, "<="&$A$35,Comptes!$G$3:$G$198,"="&G$14) -> 0 | K24: 3000 | L24: =SUMIFS(Comptes!$J$3:$J$198,Comptes!$C$3:$C$198, ">="&$A$34,Comptes!$C$3:$C$198, "<="&$A$35,Comptes!$G$3:$G$198,"="&J$14) -> 3405 | N24: 100 | O24: =SUMIFS(Comptes!$J$3:$J$198,Comptes!$C$3:$C$198, ">="&$A$34,Comptes!$C$3:$C$198, "<="&$A$35,Comptes!$G$3:$G$198,"="&M$14) -> 215
A26: TOTAUX
B27: Budget | C27: Réalisé
A28: Total Dépenses | B28: =SUM(B11,E11,H11,K11,N11,Q11,T11,Z11) -> 5840.7 | C28: =SUM(C11,F11,I11,L11,O11,R11,U11,X11,AA11) -> 0
B29: Budget | C29: Réalisé
A30: Total Recettes | B30: =SUM(B24,E24,H24,K24,N24) -> 6100 | C30: =SUM(C24,F24,I24,L24,O24) -> 4166
A33: Dates de début et de fin :
A34: 41640
A35: 42004

Sheet Valorisation bénévolat
A1: Mois | B1: Bénévole | C1: Actions | D1: Heures | E1: Total
A2: 41548 | B2: FV | C2: Démarches administratives, contacts, création du site web et de la charte graphique, préparation d'autocollants, ouverture du compte en banque, comptes-rendus, réunions | E2: =D2*Param!H3 -> 0
E3: =D3*Param!H4 -> 0
E4: =D4*Param!H5 -> 0
E5: =D5*Param!H6 -> 0
E6: =D6*Param!H7 -> 0
E7: =D7*Param!H8 -> 0
E8: =D8*Param!H9 -> 0
E9: =D9*Param!H10 -> 0
E10: =D10*Param!H11 -> 0
E11: =D11*Param!H12 -> 0
E12: =D12*Param!H13 -> 0
E13: =D13*Param!H14 -> 0
E14: =D14*Param!H15 -> 0
... E37: =D37*Param!H38 -> 0

Sheet Param
A2: Tiers | B2: Dépense / Revenu | C2: Catégories | D2: Sous-catégories | E2: Type | F2: Moyen de paiement | G2: Bénévole | H2: Valeur de l'heure | I2: Type de pièce
A3: FV | B3: Dépense | C3: D1. Informatique | D3: D1.1 Webservices | E3: Revenu | F3: Chèque | G3: FV | H3: 10 | I3: Adhésion
A4: Adhérent FORSE | B4: Revenu | C4: D2. Développement | D4: D1.2 Logiciels | E4: Epargne | F4: CB | G4: CV | I4: Impôt / Taxe
A5: Adobe | C5: D3. Administratif | D5: D1.3 Matériel informatique et consommables | E5: Paiement direct | F5: Virement | G5: PV | I5: Frais de déplacements
A6: Association | C6: D4. Frais comptables et financiers | D6: D1.9 Divers | E6: Rt à FV | F6: Prélèvement | G6: MV | I6: Pièce bancaire
A7: Déplacements | C7: D5. Impôts et démarches | D7: D2.1 Supports de com (plaquettes, autocollants, cartes de visite...) | E7: Rt à JP | F7: Espèces | I7: Facture achat
A8: 1and1 | C8: D6. Locaux et personnel | D8: D2.2 Objets griffés (stylos, porte-clefs etc.) | E8: Rt à CV | I8: Facture vente
A9: Afnor | C9: D7. Actions | D9: D2.3 Rdv et colloques (dont déplacements, hébergements, repas)
A10: Amazon | C10: D8. Trophées | D10: D2.4 Envois postaux
A11: Autoroute | C11: D9. Autres dépenses | D11: D2.5 Téléphone
A12: Boulangerie | C12: R1. Revenu formation | D12: D2.9 Divers
A13: Bouygues Tel | C13: R2. Revenu prestation | D13: D3.1 Fournitures de bureau
A14: Crédit Mutuel | C14: R3. Revenu subvention | D14: D3.2 Réunions
A15: CV | C15: R4. Revenu cotisation | D15: D3.3 Autres
A16: IGS | C16: R5. Revenu autre | D16: D3.9 Divers
A17: JP | D17: D4.1 Expert Comptable
A18: Kaspersky | D18: D4.2 Frais bancaires
A19: La Poste | D19: D4.3 Assurances
A20: LDLC | D20: D4.9 Divers
A21: Livret Bleu | D21: D5.1 Impôt sur les Sociétés
A22: Lyon Parc Auto | D22: D5.2 TVA
A23: MAIF | D23: D5.3 Démarches officielles
A24: Maison de la presse | D24: D5.9 Divers
A25: Metro | D25: D6.1 Loyer et charges
A26: Microsoft | D26: D6.2 Energie
A27: Restaurant | D27: D6.3 Salaire
A28: Siderlog | D28: D6.4 Autres
... A38: VistaPrint | D38: R1.9 Divers
D39: R2.1 Diagnostic, conseil
D40: R2.9 Divers
D41: R3.1 Subvention trophées
D42: R3.9 Divers
D43: R4.1 Cotisation demandeur d'emploi
D44: R4.2 Cotisation autre particulier
D45: R4.3 Entreprise <20
D46: R4.4 Entreprise 20 à 250
D47: R4.5 Entreprise >250
D48: R4.6 Consultants / indépendants
D49: R4.9 Divers
D50: R5.1 Remboursement frais bancaires
D51: R5.9 Divers
